AoeStats
← 17_Neo_

MegaRandom

506524207Analyzed
1v1 RM · 19d ago on Sep 13, 2026· 31m 12s· 2 players
Game mode
Random Map
Map size
Tiny (2 player)
Population
200
Speed
Normal
Resources
Standard
Victory
Conquest
Starting age
Dark Age
Ending age
Imperial Age
RankedLock teamsTeams togetherTeam positionsShared explorationLock speedFull tech treeHidden civsTurbo modeCheats
Victory
Defeat
🇨🇴 Mongols · Colombia
1662
+14
🇺🇸 Mongols · United States
1619
-14
Jaxto
2:11 Loom
9:24 Feudal Age
10:02 Double-Bit Axe
16:52 Fletching
17:02 Padded Archer Armor
25:36 Castle Age
24:17 Forging
24:13 Scale Barding Armor
24:20 Fishing Lines
24:27 Horse Collar
26:52 Chain Barding Armor
27:00 Bloodlines
26:51 Husbandry
17_Neo_
2:33 Loom
8:40 Feudal Age
9:33 Double-Bit Axe
11:08 Fletching
23:28 Castle Age
22:16 Bloodlines
22:14 Scale Barding Armor
22:51 Forging
23:45 Town Watch
24:36 Chain Barding Armor
24:06 Horse Collar
26:41 Crossbowman
29:50 Bodkin Arrow
Connection lost

Rejoining the realm…

Still unreachable

The connection could not be restored.

Session expired

The server has moved on; the page needs a fresh start.